 Dungeon Crawl Stone Soup version 0.24.1-5-g77f818bfca (webtiles) character file.

Game seed: 11149913408708372168, levelgen mode: deterministic

7315 Gruesph the Martial Artist (level 10, -4/77 HPs)
             Began as a Black Draconian Transmuter on Apr 22, 2020.
             Was a Believer of Makhleb.
             Slain by a blink frog (19 damage)
             ... on level 1 of the Lair of Beasts on Apr 23, 2020.
             The game lasted 01:06:50 (13947 turns).

Gruesph the Martial Artist (DrTm)                  Turns: 13947, Time: 01:06:50

Health: -4/77      AC:  2    Str: 13    XL:     10   Next: 90%
Magic:  16/17      EV: 22    Int: 14    God:    Makhleb [**....]
Gold:   448        SH:  0    Dex: 19    Spells: 4/19 levels left

rFire    . . .     SeeInvis .     - Unarmed
rCold    . . .     Gourm    .   (shield currently unavailable)
rNeg     . . .     Faith    .   (armour unavailable)
rPois    x         Spirit   .   (helmet currently unavailable)
rElec    .         Reflect  .   (cloak currently unavailable)
rCorr    .         Harm     .   (gloves currently unavailable)
MR       .....                  (boots currently unavailable)
Stlth    ++........             z - amulet of rage
HPRegen  0.22/turn              (no ring)
MPRegen  0.15/turn              (no ring)

@: spider-form
A: tiny, (breathe lightning), unfitting armour, AC +7
a: End Transformation, Minor Destruction, Renounce Religion, Evoke Berserk Rage


You were on level 1 of the Lair of Beasts.
You worshipped Makhleb.
Makhleb was pleased with you.
You were not hungry.
You were a venomous arachnid creature.
You visited 3 branches of the dungeon, and saw 12 of its levels.
You also visited: Sewer.

You collected 573 gold pieces.
You spent 125 gold pieces at shops.

Inventory:

Missiles
 a - 44 poisoned darts
 b - 116 stones (quivered)
 e - 69 arrows
 o - 8 atropa-tipped darts
 s - 24 sling bullets
 x - 5 throwing nets
Armour
 q - a +2 buckler (melded)
 u - a +1 pair of boots (melded)
 y - a +0 pair of gloves (melded)
Jewellery
 z - an amulet of rage (around neck)
Wands
 d - a wand of flame (11)
 t - a wand of enslavement (6)
 A - a wand of paralysis (1)
 C - a wand of iceblast (9)
 E - a wand of polymorph (13)
 H - a wand of disintegration (9)
Scrolls
 i - a scroll of identify
 j - 8 scrolls of teleportation
 m - 2 scrolls of blinking
 p - a scroll of enchant weapon
 r - 5 scrolls of remove curse
 B - a scroll of magic mapping
 G - a scroll of fog {unknown}
Potions
 c - 5 potions of curing
 g - 2 potions of mutation
 h - a potion of flight
 k - 2 potions of might
 l - 3 potions of lignification
 n - a potion of resistance
 v - a potion of berserk rage
 w - 3 potions of agility
 D - a potion of ambrosia
Comestibles
 f - 24 rations
 F - 10 chunks of flesh


   Skills:
 + Level 3.6 Fighting
 + Level 3.4 Dodging
 - Level 4.3 Shields
 - Level 10.0 Unarmed Combat
 - Level 5.0 Spellcasting
 + Level 7.5 Transmutations
 - Level 3.2 Ice Magic
 - Level 3.1 Poison Magic
 - Level 5.0 Invocations
 - Level 5.0 Evocations


You had 4 spell levels left.
You knew the following spells:

 Your Spells              Type           Power        Failure   Level  Hunger
a - Beastly Appendage     Tmut           ###...       4%          1    None
b - Sticks to Snakes      Tmut           ###.....     6%          2    ##.....
c - Spider Form           Tmut/Pois      ###.......   17%         3    ###....
d - Ice Form              Ice/Tmut       ###.....     38%         4    ####...
e - Blade Hands           Tmut           ###.......   43%         5    ######.

Your spell library contained the following spells:

 Spells                   Type           Power        Failure   Level  Hunger


Dungeon Overview and Level Annotations

Branches:
Dungeon (10/15)            Temple (1/1) D:4            Lair (1/6) D:10
  Sewer (visited)
    Orc: D:9-12

Altars:
Ashenzari
Cheibriados
Dithmenos
Elyvilon
Fedhas
Gozag
Hepliaklqana
Kikubaaqudgha
Makhleb
Nemelex Xobeh
Okawaru
Qazlal
Ru
Sif Muna
Trog
Uskayaw
Vehumet
Wu Jian
Xom
Yredelemnul
Zin
The Shining One

Shops:
D:6 *   D:8 *


Innate Abilities, Weirdness & Mutations

((You can breathe wild blasts of lightning.))
((Your glossy black scales are hard. (AC +7)))
You cannot fit into any form of body armour.
((You are resistant to electric shocks. (rElec)))
((You are cold-blooded and may be slowed by cold attacks.))


Message History

You bite the spiny frog!
The spiny frog is moderately wounded.
The spiny frog barely misses you.
You hit the spiny frog but do no damage.
The spiny frog is moderately wounded.
The spiny frog misses you.
You hit the spiny frog but do no damage.
The spiny frog is poisoned.
The spiny frog is moderately wounded.
The spiny frog misses you.
You barely miss the spiny frog.
The spiny frog is moderately wounded.
The spiny frog completely misses you.
You bite the spiny frog!
The spiny frog looks as sick as possible!
The spiny frog is heavily wounded.
The blink frog completely misses you. The spiny frog stings you!
* * * LOW HITPOINT WARNING * * *
The blink frog hits you!!
You die...

♣.........##.....
♣♣........#......
♣♣♣...............>
♣...........##..... ♣♣♣
♣...........##.....
♣♣♣.♣♣♣♣♣♣♣♣♣♣.........!.P#>....
♣♣......♣..♣♣...########..#####.#
♣.............###(÷....#### ##.
............###Fs.####...### ..
..........###..F### ###...### ..
.........##...(# ##....##..
........##..(.# ##....###
.#.##.#.#..... ##..^.#
........#....# #....#
P.......#....# #^.†.#
........#....# #....#
........#....# #....#


You could see a spiny frog and a blink frog.

Vanquished Creatures
  Harold (D:9)
  2 two-headed ogres
  A black mamba (Lair:1)
  A komodo dragon (D:10)
  Sigmund (D:3)
  3 wyverns
  6 yaks (D:8)
  A water moccasin (Lair:1)
  2 porcupines (Lair:1)
  2 ice beasts
  A phantom (D:8)
  3 ogres
  A wolf (Lair:1)
  2 centaurs
  3 crocodiles (Lair:1)
  A gnoll sergeant (D:9)
  8 bullfrogs
  A scorpion (D:9)
  3 wights (D:8)
  3 howler monkeys
  5 electric eels (D:10)
  4 crimson imps
  2 centaur zombies
  A bullfrog zombie (D:10)
  2 jellies
  4 orc priests
  A hound (D:9)
  2 centaur skeletons (D:9)
  8 orc wizards
  5 iguanas
  3 worker ants
  3 hound skeletons
  3 worker ant zombies
  5 adders
  3 gnolls (D:5)
  A howler monkey skeleton (D:8)
  2 river rats (D:5)
  A shadow imp (D:7)
  An ooze (D:3)
  2 adder skeletons
  A worm (D:5)
  3 dart slugs
  3 leopard geckos
  13 orcs
  3 ball pythons
  5 giant cockroaches
  16 goblins
  5 hobgoblins
  7 jackals
  3 quokkas
  10 bats
  A frilled lizard (D:1)
  4 kobolds
  A leopard gecko zombie (D:5)
  A quokka skeleton (D:8)
  7 rats
187 creatures vanquished.

Vanquished Creatures (collateral kills)
  Purgy (Sewer)
  A centaur (D:5)
  A wight (D:8)
  A worker ant (D:6)
  An adder (D:5)
  2 giant cockroaches (D:5)
7 creatures vanquished.

Vanquished Creatures (others)
  A plant (D:10)
  5 toadstools (Lair:1)
6 creatures vanquished.

Grand Total: 200 creatures vanquished

Notes
Turn   | Place    | Note
-------+----------+-------------------------------------------
     0 | D:1      | Gruesph the Draconian Transmuter began the quest for the
                  | Orb.
     0 | D:1      | Reached XP level 1. HP: 16/16 MP: 3/3
   132 | D:1      | Reached XP level 2. HP: 23/23 MP: 5/5
   312 | D:1      | Reached skill level 4 in Unarmed Combat
   725 | D:1      | Reached XP level 3. HP: 24/28 MP: 6/6
  1136 | D:1      | Learned a level 2 spell: Sticks to Snakes
  1140 | D:1      | Learned a level 3 spell: Spider Form
  1644 | D:2      | Found a basalt altar of Yredelemnul.
  1644 | D:2      | Found a hide-covered altar of Uskayaw.
  1644 | D:2      | Found a snail-covered altar of Cheibriados.
  1649 | D:2      | Found a shimmering blue altar of Sif Muna.
  1961 | D:3      | You fall into a shaft and drop 1 floor!
  2148 | D:3      | Reached skill level 1 in Poison Magic
  2361 | D:3      | Reached XP level 4. HP: 35/35 MP: 4/7
  2446 | D:3      | Noticed Sigmund
  2474 | D:3      | Killed Sigmund
  2474 | D:3      | Reached skill level 5 in Unarmed Combat
  2474 | D:3      | Reached XP level 5. HP: 13/40 MP: 2/8
  3390 | D:4      | Reached XP level 6. HP: 47/47 MP: 7/9
  3452 | D:4      | Got an ichor-stained ring mail
  3491 | D:4      | Found a staircase to the Ecumenical Temple.
  3524 | Temple   | Entered the Ecumenical Temple
  3607 | Temple   | Became a worshipper of Makhleb the Destroyer
  4341 | D:5      | Entered Level 5 of the Dungeon
  4445 | D:5      | Reached skill level 1 in Shields
  4529 | D:5      | Reached skill level 6 in Unarmed Combat
  4560 | D:5      | Found a glowing drain.
  4620 | Sewer    | Entered a sewer
  4656 | Sewer    | Noticed Purgy
  4689 | Sewer    | Killed Purgy
  4689 | Sewer    | Your scales start taking on a glossy black colour.
  4689 | Sewer    | Reached XP level 7. HP: 34/52 MP: 1/11
  4689 | Sewer    | Gained mutation: You are resistant to electric shocks.
                  | (rElec) [Black Draconian growth]
  4926 | D:5      | Reached * piety under Makhleb
  5902 | D:6      | Found Otofi's Assorted Antiques.
  6396 | D:6      | Bought a potion of curing for 75 gold pieces
  6396 | D:6      | Bought a scroll of identify for 50 gold pieces
  6440 | D:6      | Found a hazy altar of Hepliaklqana.
  6456 | D:6      | Reached XP level 8. HP: 54/59 MP: 7/13
  7070 | D:7      | Found a shimmering altar of Xom.
  7176 | D:7      | Noticed a two-headed ogre
  7187 | D:7      | Killed a two-headed ogre
  7187 | D:7      | Reached skill level 7 in Unarmed Combat
  7205 | D:7      | Reached skill level 5 in Transmutations
  7621 | D:7      | Reached skill level 5 in Spellcasting
  7627 | D:7      | Learned a level 4 spell: Ice Form
  7656 | D:7      | Found an ornate altar of the Wu Jian Council.
  7798 | D:7      | Reached skill level 1 in Ice Magic
  7798 | D:7      | Reached skill level 1 in Evocations
  7926 | D:7      | Found a shimmering altar of Xom.
  7926 | D:7      | Found a shimmering altar of Xom.
  7926 | D:7      | Found a shimmering altar of Xom.
  7929 | D:7      | Found a shimmering altar of Xom.
  7931 | D:7      | Found a shimmering altar of Xom.
  8243 | D:7      | Learned a level 5 spell: Blade Hands
  8266 | D:8      | Reached XP level 9. HP: 64/64 MP: 14/16
  8283 | D:8      | Found Ytsocosu's Assorted Antiques.
  8696 | D:8      | Reached skill level 8 in Unarmed Combat
  8747 | D:8      | Reached ** piety under Makhleb
  9044 | D:8      | Reached skill level 9 in Unarmed Combat
  9628 | D:9      | Reached skill level 5 in Evocations
 10051 | D:9      | Reached skill level 1 in Invocations
 10305 | D:9      | Reached XP level 10. HP: 71/71 MP: 17/17
 11090 | D:10     | Entered Level 10 of the Dungeon
 11109 | D:10     | Noticed Harold
 11145 | D:9      | Killed Harold
 11634 | D:10     | Noticed a two-headed ogre
 11647 | D:10     | Killed a two-headed ogre
 11765 | D:10     | Reached skill level 10 in Unarmed Combat
 12246 | D:10     | Found a staircase to the Lair.
 12595 | D:10     | Found a blossoming altar of Fedhas.
 12933 | Lair:1   | Entered Level 1 of the Lair of Beasts
 12989 | Lair:1   | Noticed a black mamba
 12996 | Lair:1   | Killed a black mamba
 13645 | Lair:1   | Reached skill level 5 in Invocations
 13930 | Lair:1   | Noticed a spiny frog
 13947 | Lair:1   | Slain by a blink frog

Levels and vault maps discovered:
D:1:      dpeg_arrival_morbid_curiosity, layout_basic
D:2:      layout_loops_ring, minitemple, minmay_tree_intersection
D:3:      layout_basic, uniq_sigmund
D:4:      layout_loops_ring, minmay_temple_entry_wispy, first_ration
D:5:      layout_loops_cross, portal_sewer_entry_e
D:6:      layout_layer_cave, nicolae_overflow_crystal_walls, serial_shops,
          nicolae_shop_crystal, corexii_item_surrounded_by_moat,
          serial_park_tiny_pond
D:7:      layout_basic, kennysheep_mini, grunt_ogre_cave, xom_redecorated
D:8:      layout_basic, serial_shops, kennysheep_mini_moat
D:9:      minmay_skewed_foursquare, layout_loops_ring
D:10:     layout_basic, david_lair_shrubbed, kennysheep_doodads,
          minmay_misc_feat_chi, fedhas_altar_4, uniq_harold
Temple:   compressed_dpeg_circular_temple
Lair:1:   gammafunk_lair_enchanted_lake, layout_regular_city,
          chequers_serial_rivers_micro_d, serial_bayou_pond_c, nzn_random_ring,
          grunt_megastairs_5, lemuel_fruit_tree, lemuel_fruit_fields

Skill      XL: |  1  2  3  4  5  6  7  8  9 10 |
---------------+-------------------------------+-----
Unarmed Combat | 4 5 6 7 9 10 | 10.0
Poison Magic   | 1 2 3 |  3.1
Shields        | 2 3 4 |  4.3
Transmutations | 3 4 5 7 |  7.5
Spellcasting   | 3 5 |  5.0
Ice Magic      | 1 3 |  3.2
Evocations     | 1 5 |  5.0
Invocations    | 1 5 |  5.0
Dodging        | 3 |  3.4
Fighting       | 3 |  3.6

Action                   |  1- 3 |  4- 6 |  7- 9 | 10-12 || total
-------------------------+-------+-------+-------+-------++-------
Melee: Unarmed           |   134 |   159 |   382 |   197 ||   872
       Tailslap          |    11 |    25 |    38 |     8 ||    82
       Headbutt          |     6 |     5 |    35 |     6 ||    52
       Kick              |     4 |    10 |       |       ||    14
Throw: Stone             |     9 |     7 |    34 |    34 ||    84
       Dart              |       |       |    13 |       ||    13
 Cast: Beastly Appendage |    22 |    15 |    27 |     7 ||    71
       Sticks to Snakes  |       |    16 |    23 |     9 ||    48
       Spider Form       |       |       |     7 |    10 ||    17
       Ice Form          |       |       |       |     1 ||     1
Evoke: Wand              |       |       |     3 |       ||     3
  Use: Scroll            |       |     2 |    20 |     1 ||    23
       Potion            |       |       |     2 |       ||     2
 Stab: Distracted        |       |       |     3 |     2 ||     5
       Sleeping          |       |       |       |     1 ||     1
  Eat: Chunk             |     2 |     8 |     9 |     7 ||    26
       Ration            |     1 |       |     3 |     2 ||     6
Armor: Skin              |    41 |    48 |    77 |    19 ||   185
Dodge: Dodged            |   126 |    77 |   148 |    87 ||   438
Block: Buckler           |       |    34 |    67 |    17 ||   118
